 Dungeon Crawl Stone Soup version 0.32-a0-918-g0f22ef8d61 (webtiles) character file.

Game seed: 8624826530717247280

650319 TROGSCHOSEN the Merry Demigod (level 25, -6/185 (231) HPs)
             Began as a Demigod Hunter on Apr 6, 2024.
             Mangled by a war gargoyle
             ... wielding a +0 morningstar
              (26 damage)
             ... on level 2 of the Iron City of Dis on Apr 10, 2024.
             The game lasted 02:23:28 (59180 turns).

TROGSCHOSEN the Merry Demigod (Demigod Hunter)     Turns: 59180, Time: 02:23:28

HP:   -6/185 (231)  AC: 37    Str: 29    XL:     25   Next: 95%
MP:   27/27         EV: 36    Int: 13    God:
Gold: 5948          SH:  0    Dex: 41    Spells: 24/24 levels left

rFire   + . .        v - +27 heavy crossbow "Sniper" {heavy, Acc+∞ SInv}
rCold   + . .        (shield currently unavailable)
rNeg    + . .        C - +6 storm dragon scales "Efelam" {^Drain rElec rPois rF+ rC+ Str+3 Stlth--}
rPois   +            G - +0 helmet of Qazlal's Esteem {Rampage rN+ Int+2}
rElec   +            m - +4 dragonskin cloak {Aegis}
rCorr   +            a - +3 pair of gauntlets of War {Slay+5}
SInv    +            y - +2 pair of boots {Fly}
Will    ++...        M - amulet of regeneration Stlth
                     F - +6 ring of strength
HPRegen 1.30/turn    b - ring of resist corrosion
MPRegen 0.20/turn

%: rampage
@: flying, studying Shapeshifting, heavily drained, corroded
A: high MP 1, forlorn, divine attributes, talons 1, screaming 1, subdued magic
1, sturdy frame 1
}: 4/15 runes: decaying, serpentine, slimy, silver
a: no special abilities


You were on level 2 of the Iron City of Dis.
You visited 15 branches of the dungeon, and saw 58 of its levels.
You also visited: Ossuary and Wizlab.

You collected 9306 gold pieces.
You spent 3358 gold pieces at shops.

Inventory:

Hand Weapons
 l - the +7 longbow of the Holding Big Fish {heavy, rElec rF- Int-3 Stlth+}
   (You acquired it on level 4 of the Vaults)

   Int-3:     It affects your intelligence (-3).
   rF-:       It makes you vulnerable to fire.
   rElec:     It insulates you from electricity.
   Stlth+:    It makes you more stealthy.
 v - the +27 heavy crossbow "Sniper" (weapon) {heavy, Acc+∞ SInv}
   (You acquired it on level 3 of the Depths)

   Acc+∞: It never misses its target.
   SInv:      It lets you see invisible.
Armour
 a - the +3 pair of gauntlets of War (worn) {Slay+5}
   (You found it on level 1 of the Vaults)

   Slay+5:    It affects your accuracy & damage with ranged weapons and melee
   (+5).
 m - the +4 dragonskin cloak (worn) {Aegis}
   (You took it off Tiamat on level 3 of the Realm of Zot)

   Avatar's Aegis: It grants the wearer a chance to resist fire, cold, poison,
   electricity, acid, and negative energy.
 y - a +2 pair of boots of flying (worn)
 C - the +6 storm dragon scales "Efelam" (worn) {^Drain rElec rPois rF+ rC+ Str+3 Stlth--}
   (You found it on level 1 of the Realm of Zot)

   Str+3:     It affects your strength (+3).
   rF+:       It protects you from fire.
   rC+:       It protects you from cold.
   rElec:     It insulates you from electricity.
   rPois:     It protects you from poison.
   ^Drain:    It drains your maximum health when unequipped.
   Stlth--:   It makes you much less stealthy.
 G - the +0 helmet of Qazlal's Esteem (worn) {Rampage rN+ Int+2}
   (You bought it in a shop on level 3 of the Snake Pit)

   Int+2:     It affects your intelligence (+2).
   rN+:       It protects you from negative energy.
   Rampage:   It bestows one free step when moving towards enemies.
 J - the +9 scales of the Dragon King {rPois rF+ rC+ Will+}
   (You found it on level 2 of the Depths)

   rF+:       It protects you from fire.
   rC+:       It protects you from cold.
   rPois:     It protects you from poison.
   Will+:     It increases your willpower.
 Z - +6 swamp dragon scales
Jewellery
 b - a ring of resist corrosion (right hand)
 j - the ring of the Griffon {rElec rC+ Slay+3}
   (You found it on level 3 of the Crypt)

   [ring of protection from cold]

   Slay+3:    It affects your accuracy & damage with ranged weapons and melee
   (+3).
   rC+:       It protects you from cold.
   rElec:     It insulates you from electricity.
 q - a ring of protection from fire
 z - a ring of positive energy
 F - a +6 ring of strength (left hand)
 K - the ring of Enu Neck {Will+ Dex+6}
   (You bought it in a shop on level 3 of the Snake Pit)

   [ring of dexterity]

   Dex+6:     It affects your dexterity (+6).
   Will+:     It increases your willpower.
 M - an amulet of regeneration (around neck)
Wands
 r - a wand of digging (20)
 Q - a wand of polymorph (24)
 S - a wand of quicksilver (23)
Scrolls
 c - 4 scrolls of silence
 e - 9 scrolls of immolation
 f - 7 scrolls of amnesia
 g - 10 scrolls of teleportation
 k - 11 scrolls of vulnerability
 n - 3 scrolls of enchant armour
 o - 9 scrolls of fear
 B - a scroll of butterflies
 D - 6 scrolls of fog
 E - 8 scrolls of blinking
 H - 11 scrolls of poison
 N - 5 scrolls of torment
 T - 7 scrolls of revelation
Potions
 d - 15 potions of curing
 h - a potion of ambrosia
 p - 6 potions of cancellation
 s - 5 potions of magic
 t - 5 potions of lignification
 u - 6 potions of mutation
 w - 7 potions of invisibility
 x - 13 potions of heal wounds
 A - 6 potions of enlightenment
 I - 8 potions of resistance
 L - 7 potions of brilliance
 O - 8 potions of haste
Miscellaneous
 i - a phantom mirror
 R - a tin of tremorstones (2/2)
 W - a sack of spiders
 X - a Gell's gravitambourine (2/2)
 Y - a lightning rod (4/4)


   Skills:
 - Level 20.0 Fighting
 O Level 27 Ranged Weapons
 + Level 25.6 Armour
 - Level 20.0 Dodging
 - Level 0.8 Stealth
 - Level 10.2 Evocations


You had 24 spell levels left.
You didn't know any spells.
Your spell library contained the following spells:

 Spells                   Type           Power      Damage    Failure   Level
 Apportation              Tloc           0%         N/A       45%         1
 Foxfire                  Conj/Fire      0%         2x1d4     45%         1
 Freeze                   Ice            0%         1d3       45%         1
 Magic Dart               Conj           0%         1d3       45%         1
 Necrotise                Necr           0%         1d4       45%         1
 Shock                    Conj/Air       0%         1d3       45%         1
 Sting                    Conj/Alch      0%         1d3       45%         1
 Summon Small Mammal      Summ           0%         N/A       45%         1
 Cigotuvi's Dreadful Rot  Necr/Alch/Air  0%         N/A       58%         2
 Ensorcelled Hibernation  Hex/Ice        0%         N/A       58%         2
 Jinxbite                 Hex            0%         N/A       58%         2
 Lesser Beckoning         Tloc           0%         N/A       58%         2
 Scorch                   Fire           0%         2d5       58%         2
 Searing Ray              Conj           0%         2d4       58%         2
 Static Discharge         Conj/Air       0%         3-3/arc   58%         2
 Sublimation of Blood     Necr           0%         N/A       58%         2
 Call Canine Familiar     Summ           0%         N/A       83%         3
 Dazzling Flash           Conj/Hex       0%         N/A       83%         3
 Frozen Ramparts          Ice            0%         1d1       83%         3
 Fugue of the Fallen      Necr           0%         N/A       83%         3
 Hailstorm                Conj/Ice       0%         3d5       83%         3
 Inner Flame              Hex/Fire       0%         N/A       83%         3
 Maxwell's Portable Pile  Tloc           0%         2d(5-13)  83%         3
 Mephitic Cloud           Conj/Alch/Air  0%         N/A       83%         3
 Ozocubu's Armour         Ice            0%         N/A       83%         3
 Passwall                 Erth           0%         N/A       83%         3
 Sigil of Binding         Hex            0%         N/A       83%         3
 Summon Ice Beast         Ice/Summ       0%         N/A       83%         3
 Swiftness                Air            0%         N/A       83%         3
 Teleport Other           Tloc           0%         N/A       83%         3
 Tukima's Dance           Hex            0%         N/A       83%         3
 Vampiric Draining        Necr           0%         2d6       83%         3
 Volatile Blastmotes      Fire/Tloc      0%         2d10      83%         3
 Airstrike                Air            0%         2d(0-16)  99%         4
 Anguish                  Hex/Necr       0%         N/A       99%         4
 Animate Armour           Summ/Erth      0%         N/A       99%         4
 Animate Dead             Necr           0%         N/A       99%         4
 Brom's Barrelling Bould  Conj/Erth      0%         2d3       99%         4
 Cause Fear               Hex            0%         N/A       99%         4
 Dimensional Bullseye     Hex/Tloc       0%         N/A       99%         4
 Dispel Undead            Necr           0%         3d6       99%         4
 Flame Wave               Conj/Fire      0%         2d4       99%         4
 Ignite Poison            Fire/Alch      0%         N/A       99%         4
 Martyr's Knell           Necr/Summ      0%         N/A       99%         4
 Passage of Golubria      Tloc           0%         N/A       99%         4
 Petrify                  Alch/Erth      0%         N/A       99%         4
 Sticky Flame             Fire/Alch      0%         2d4       99%         4
 Summon Blazeheart Golem  Fire/Summ      0%         N/A       99%         4
 Summon Lightning Spire   Summ/Air       0%         N/A       99%         4
 Vhi's Electric Charge    Tloc/Air       0%         N/A       99%         4
 Alistair's Intoxication  Alch           0%         N/A       100%        5
 Arcjolt                  Conj/Air       0%         1d10      100%        5
 Borgnjor's Vile Clutch   Necr/Erth      0%         N/A       100%        5
 Curse of Agony           Necr           0%         N/A       100%        5
 Fireball                 Conj/Fire      0%         3d3       100%        5
 Irradiate                Conj/Alch      0%         3d11      100%        5
 Lee's Rapid Deconstruct  Erth           0%         3d4*      100%        5
 Silence                  Hex/Air        0%         N/A       100%        5
 Summon Forest            Summ/Tloc      0%         N/A       100%        5
 Summon Mana Viper        Hex/Summ       0%         N/A       100%        5
 Yara's Violent Unravell  Hex/Alch       0%         3d3       100%        5
 Bombard                  Conj/Erth      0%         9d1       100%        6
 Conjure Ball Lightning   Conj/Air       0%         3x3d6     100%        6
 Death Channel            Necr           0%         N/A       100%        6
 Dispersal                Tloc           0%         N/A       100%        6
 Eringya's Noxious Bog    Alch           0%         4d6       100%        6
 Gell's Gavotte           Tloc           0%         2d(11-16) 100%        6
 Sculpt Simulacrum        Ice/Alch       0%         N/A       100%        6
 Starburst                Conj/Fire      0%         6d3       100%        6
 Summon Cactus Giant      Summ           0%         N/A       100%        6
 Enfeeble                 Hex            0%         N/A       100%        7
 Haunt                    Necr/Summ      0%         N/A       100%        7
 Malign Gateway           Summ/Tloc      0%         N/A       100%        7
 Manifold Assault         Tloc           0%         N/A       100%        7
 Monstrous Menagerie      Summ           0%         N/A       100%        7
 Orb of Destruction       Conj           0%         9d5       100%        7
 Summon Hydra             Summ           0%         N/A       100%        7
 Borgnjor's Revivificati  Necr           0%         N/A       100%        8
 Discord                  Hex            0%         N/A       100%        8
 Ignition                 Fire           0%         3d3       100%        8
 Infestation              Necr           0%         N/A       100%        8
 Maxwell's Capacitive Co  Air            0%         ∞         100%        8
 Chain Lightning          Conj/Air       0%         N/A       100%        9
 Death's Door             Necr           0%         N/A       100%        9
 Dragon's Call            Summ           0%         N/A       100%        9
 Fire Storm               Conj/Fire      0%         5d1       100%        9
 Shatter                  Erth           0%         3d5*      100%        9


Dungeon Overview and Level Annotations

Branches:
Dungeon (15/15)            Temple (0/1) D:5            Lair (5/5) D:10
  Swamp (4/4) Lair:3        Snake (4/4) Lair:2        Slime (5/5) Lair:5
    Orc (2/2) D:9             Elf (1/3) Orc:2        Vaults (5/5) D:14
  Crypt (3/3) Vaults:3       Tomb (1/3) Crypt:3      Depths (4/4) D:15
   Hell (visited)             Dis (2/7) Hell            Geh (0/7) Hell
    Coc (0/7) Hell            Tar (1/7) Hell            Zot (5/5) Depths:4
Ossuary (visited)          WizLab (visited)

Shops:
D:2 (   Orc:1 *   Orc:2 ((?=!   Elf:1 [   Snake:2 :   Snake:3 [=[=
Snake:4 =:=

Portals:
Hell: Depths:1 Depths:2 Depths:3 Depths:4
Abyss: Depths:3 Depths:4
Pandemonium: Depths:2
Ziggurat: Depths:3

Annotations:
Orc:1 6 transporters
Vaults:2 1 transporter, Kevimi's ghost, adept FeNe
Depths:4 2 transporters, Cein's ghost, veteran DgCj


Innate Abilities, Weirdness & Mutations

You have an increased reservoir of magic. (+10% MP)
You shall have no god before yourself.
Your divine heritage dramatically boosts your attributes as you level up.
You have sharp toenails.
You occasionally shout uncontrollably at your foes.
Your spells are a little easier to cast, but a little less powerful.
Your movements are slightly less encumbered by armour. (ER -2)


Message History

You fly downwards.
You suddenly feel all small and vulnerable.
HP restored.
You feel drained.
The war gargoyle launches metal splinters at you.
The spray of metal splinters hits you!
The tormentor calls on the powers of darkness!
Your body is wracked with pain!
The war gargoyle launches metal splinters at you.
The spray of metal splinters misses you.
The spray of metal splinters misses the tormentor.
The tormentor closely misses you. x2
There is a gateway leading out of Dis, spattered with blood here.
You shoot a bolt. The bolt hits the tormentor!!!
You kill the tormentor!
The war gargoyle launches metal splinters at you.
The spray of metal splinters misses you.
The war gargoyle completely misses you. The war gargoyle misses you.
You shoot a bolt. The bolt hits the war gargoyle!!!!
You destroy the war gargoyle!
The war gargoyle launches metal splinters at you.
The spray of metal splinters hits you!! The war gargoyle barely misses you.
The war gargoyle launches metal splinters at you.
The spray of metal splinters misses you.
The war gargoyle hits you with a +0 great mace!!
* * * LOW HITPOINT WARNING * * *
You shoot a bolt. The bolt hits the war gargoyle!!
The war gargoyle is heavily damaged.
The war gargoyle closely misses you. The war gargoyle completely misses you.
The war gargoyle launches metal splinters at you.
The spray of metal splinters misses you.
The war gargoyle closely misses you.
You shoot a bolt. The bolt hits the war gargoyle!
The war gargoyle is almost destroyed.
The war gargoyle completely misses you.
The war gargoyle hits you but does no damage.
The war gargoyle hits you with a +0 morningstar!!
* * * LOW HITPOINT WARNING * * *
The war gargoyle completely misses you.
The war gargoyle hits you with a +0 morningstar!!
You die...

###############
......9@.......
......9........
...............
...............
........#######
........#
........#
........#


You could see 2 war gargoyles.

Vanquished Creatures
  the Royal Jelly (Slime:5)
  Tiamat (Zot:3)
  Frederick (Depths:3)
  2 dread liches (Vaults:5)
  2 ancient liches
  Mara (Swamp:4)
  2 juggernauts
  Boris (thrice) (Vaults:5 Depths:2 Tomb:1)
  3 royal mummies (Tomb:1)
  Vv (Zot:2)
  Bai Suzhen (Crypt:3)
  Geryon (Hell)
  A curse toe (Zot:1)
  A caustic shrike (Depths:4)
  Jory (Vaults:2)
  8 golden dragons
  3 doom hounds (Hell)
  An electric golem (Zot:2)
  An Ice Fiend (Zot:1)
  Jorgrun (Snake:1)
  18 tentacled monstrosities
  2 walking crystal tomes (Depths:4)
  A Cloud Mage (WizLab)
  Asterion (Vaults:1)
  6 liches
  The ghost of AutarchDCSS the Nimble, an adept DrHW of Jiyva (Snake:4)
  2 walking frostbound tomes
  2 walking earthen tomes
  5 titans
  A deep elf blademaster (Depths:3)
  8 quicksilver dragons
  23 acid blobs
  20 sphinxes
  8 death cobs
  7 ancient champions
  10 tengu reavers
  A thorn hunter (Swamp:4)
  Donald (Swamp:4)
  Kirke (D:14)
  Roxanne (Snake:1)
  4 revenants
  4 shadow dragons
  A fenstrider witch (Swamp:4)
  10 protean progenitors
  12 storm dragons
  8 rockslimes
  12 azure jellies
  4 nagarajas (Snake:4)
  3 draconian monks
  5 draconian shifters
  3 draconian knights
  22 fire giants
  2 iron dragons (shapeshifter) (Depths:3)
  22 vault wardens
  An iron dragon (Dis:1)
  A deep elf elementalist (Depths:3)
  A deep elf sorcerer (Vaults:5)
  6 ghouls
  2 ghost moths
  6 draconian stormcallers
  19 frost giants
  3 balrugs
  6 draconian scorchers
  4 reapers
  4 curse skulls
  8 orc warlords
  27 ironbound preservers
  A spectral caustic shrike (Crypt:3)
  A draconian annihilator (Zot:4)
  6 spriggan defenders
  17 quicksilver oozes
  16 stone giants
  A juggernaut skeleton (Depths:1)
  5 hydra skeletons
  11 formless jellyfish
  4 vampire knights
  7 ironbound thunderhulks
  21 very ugly things
  A lorocyproca (Depths:2)
  10 deep elf death magi
  10 green draconians
  2 deep elf demonologists
  2 spectral titans
  11 white draconians
  5 dire elephants
  4 eleionomae
  3 deep elf annihilators
  12 war gargoyles
  4 yellow draconians
  11 red draconians
  11 spark wasps
  11 black draconians
  A bunyip (Swamp:4)
  9 purple draconians
  4 mummy priests (Tomb:1)
  8 eidola
  3 blizzard demons
  Snorg (D:11)
  16 ettins
  2 spectral quicksilver dragons (Crypt:3)
  13 fire dragons
  A quicksilver dragon zombie (Crypt:1)
  2 crystal guardians
  2 iron golems
  Josephine (D:13)
  A merfolk impaler (Depths:1)
  12 yaktaur captains
  2 entropy weavers
  4 jiangshi
  3 spectral spriggans (Crypt:3)
  2 great orbs of eyes (shapeshifter) (Depths:3)
  4 shambling mangroves (Swamp:4)
  14 hydras
  3 peacekeepers
  13 ice dragons
  39 vault guards
  5 rakshasas
  17 great orbs of eyes
  A caustic shrike simulacrum (Crypt:3)
  2 spriggan zombies
  Harold (D:11)
  A hell beast (Hell)
  An ogre mage (Vaults:5)
  A juggernaut simulacrum (Depths:3)
  7 salamander tyrants
  8 spriggan air magi
  A fenstrider witch skeleton (Crypt:3)
  5 ghost crabs
  7 ironbound frosthearts
  4 death knights
  A sphinx zombie (D:15)
  11 alligators
  8 anacondas
  6 boulder beetles
  A jorogumo (shapeshifter) (Depths:3)
  7 dancing weapons
  An anaconda (shapeshifter) (Depths:3)
  A demonic crawler (Hell)
  9 two-headed ogres
  15 death scarabs (Tomb:1)
  2 deep troll shamans
  A titan zombie (Crypt:3)
  18 centaur warriors
  An Orb Guardian skeleton (Crypt:2)
  A tengu warrior (D:13)
  5 vampire magi
  2 spectral storm dragons
  8 spriggan berserkers
  An occultist (Depths:2)
  8 hell hogs (Hell)
  15 naga sharpshooters
  2 spectral dire elephants (Crypt:3)
  14 naga warriors
  14 deep troll earth magi
  A spectral naga (Crypt:3)
  7 shock serpents
  13 hell knights
  8 soul eaters
  Sonja (D:11)
  7 shadow wraiths
  A deep elf knight (Elf:1)
  A crystal echidna (Dis:1)
  15 skeletal warriors
  5 sun demons
  A titan skeleton (Crypt:2)
  3 deep elf archers (Elf:1)
  2 skysharks (Lair:5)
  2 spectral bunyips (Crypt:3)
  2 death drakes (WizLab)
  9 iron trolls
  A spark wasp zombie (D:15)
  2 sea snakes (Snake:3)
  8 flayed ghosts
  A spriggan rider (Depths:2)
  2 spectral anacondas (Crypt:3)
  5 large abominations (Depths:2)
  9 salamander mystics
  5 goliath frogs
  2 bog bodies
  4 spriggan druids
  3 lindwurms (Vaults:3)
  58 deep trolls
  13 mana vipers
  A sea snake (shapeshifter) (Vaults:4)
  3 naga ritualists
  7 swamp dragons
  3 sun moths (Depths:3)
  5 glowing orange brains
  A steelbarb worm (shapeshifter) (Depths:2)
  3 anaconda skeletons
  A mana viper (shapeshifter) (Depths:3)
  2 bunyip skeletons
  7 arcanists
  2 spriggan simulacra (Crypt:3)
  24 phantasmal warriors
  17 orc knights
  3 alligator zombies (Hell)
  4 spectral hydras
  A lindwurm (shapeshifter) (Vaults:1)
  18 necromancers
  15 ironbound convokers
  11 deep elf zephyrmancers (Elf:1)
  A thermic dynamo (Elf:1)
  A sun moth (shapeshifter) (Depths:3)
  5 oklob plants
  A death drake (shapeshifter) (Depths:3)
  A spectral ettin (Crypt:3)
  11 shining eyes
  A stone giant zombie (Hell)
  55 ugly things
  27 salamanders
  An orc sorcerer (Orc:2)
  6 deep elf pyromancers
  A will-o-the-wisp (Swamp:2)
  A spectral alligator snapping turtle (Crypt:3)
  3 cyclopes
  A spectral centaur (Crypt:3)
  An iron dragon skeleton (Hell)
  2 manticores
  A dire elephant zombie (Tomb:1)
  15 elephants
  An eleionoma skeleton (Crypt:2)
  19 vault sentinels
  2 rust devils (Hell)
  4 eyes of devastation
  6 kobold blastminers
  Joseph (D:9)
  3 apocalypse crabs (WizLab)
  3 guardian serpents
  21 naga magi
  A titan simulacrum (Crypt:3)
  23 moths of wrath
  27 black mambas
  3 molten gargoyles (Hell)
  3 torpor snails (Zot:4)
  24 cane toads
  10 smoke demons
  6 hellions (Hell)
  An unseen horror zombie (Crypt:3)
  A death yak zombie (Crypt:3)
  13 komodo dragons
  2 dire elephant skeletons (Crypt:3)
  Maggie (D:8)
  2 unseen horrors
  A yaktaur (shapeshifter) (Vaults:5)
  28 yaktaurs
  A centaur skeleton (Crypt:3)
  A rime drake (Lair:3)
  A sea snake skeleton (Hell)
  3 efreet
  A tormentor (Dis:2)
  7 ice devils (Hell)
  An alligator snapping turtle skeleton (Crypt:1)
  4 tengu conjurers
  20 freezing wraiths
  9 guardian mummies (Tomb:1)
  13 trolls
  11 tyrant leeches
  A wind drake (WizLab)
  5 hydra zombies
  3 polar bears
  2 spectral harpies (Crypt:3)
  A harpy zombie (Hell)
  2 tarantellas (shapeshifter)
  4 bloated husks
  11 hornets
  3 merfolk (Zot:1)
  A jumping spider (Vaults:1)
  21 blink frogs
  6 dream sheep
  A stone giant simulacrum (Depths:1)
  A dream sheep (shapeshifter) (Vaults:4)
  6 glass eyes
  An ettin zombie (Depths:1)
  92 slime creatures
  2 satyr skeletons (Crypt:2)
  2 ettin skeletons
  4 spriggan skeletons
  A human simulacrum (Vaults:3)
  13 wraiths
  Sigmund (D:2)
  An ice dragon skeleton (Crypt:3)
  A slime creature zombie (Crypt:1)
  4 wyverns
  9 spriggans
  7 air elementals (WizLab)
  A black mamba zombie (Crypt:1)
  50 yaks
  A shadow (D:12)
  4 vampires
  9 water elementals
  A human (shapeshifter) (Depths:3)
  A fire dragon skeleton (Crypt:1)
  3 ushabtiu (Tomb:1)
  2 hogs (D:14)
  2 dire elephant simulacra
  12 golden eyes
  2 basilisks
  A wind drake skeleton (Crypt:3)
  5 wargs
  10 redbacks
  59 nagas
  14 vampire mosquitoes
  A yaktaur simulacrum (Vaults:2)
  2 harpy simulacra (Crypt:3)
  13 swamp worms
  5 acid dragons
  3 glowing shapeshifter zombies
  2 hydra simulacra (Swamp:4)
  19 water moccasins
  5 hell hounds
  2 naga skeletons (Tomb:1)
  A merfolk skeleton (Crypt:2)
  42 orc warriors
  An ice beast (D:5)
  An ogre skeleton (Vaults:2)
  3 swamp dragon zombies (Swamp:4)
  5 black bears
  7 swamp drakes
  A black mamba simulacrum (Crypt:3)
  16 laughing skulls
  2 ettin simulacra
  14 centaurs
  A tengu (shapeshifter) (D:15)
  A blink frog zombie (Crypt:1)
  11 ogres
  A boggart (Vaults:1)
  A wolf (Vaults:3)
  2 kobold brigands
  A vine stalker zombie (Crypt:1)
  19 bullfrogs
  A gnoll sergeant (D:9)
  An elf zombie (Crypt:1)
  A warg zombie (Crypt:2)
  3 naga simulacra
  6 small abominations (Depths:2)
  10 scorpions
  10 wights
  14 killer bees
  A shapeshifter skeleton (Crypt:3)
  4 electric eels
  A howler monkey (D:8)
  A wolf zombie (Crypt:1)
  A bombardier beetle (D:6)
  5 centaur zombies
  A basilisk zombie (Crypt:2)
  3 human zombies (Ossuary)
  A gnoll bouda (D:6)
  2 jellies
  16 orc priests
  A hound (D:5)
  6 iguanas
  2 scorpion zombies (Ossuary)
  A sleepcap (D:7)
  Terence (D:2)
  20 orc wizards
  12 hell rats
  An ice beast zombie (Crypt:3)
  19 mummies
  11 gnolls
  A howler monkey skeleton (Crypt:1)
  8 adders
  2 swamp drake zombies (Swamp:4)
  A shadow imp (D:5)
  A white imp (D:7)
  4 adder zombies (Ossuary)
  2 ribbon worms
  3 dart slugs
  79 orcs
  2 bats
  8 endoplasms
  3 giant cockroaches
  4 goblins
  8 hobgoblins
  5 jackals
  5 quokkas
  5 ball pythons
  A dart slug zombie (Crypt:2)
  4 frilled lizards
  2 gnoll zombies (Ossuary)
  14 kobolds
  2 orc zombies (Ossuary)
  7 rats
  An aspiring flesh (Zot:2)
2540 creatures vanquished.

Vanquished Creatures (others)
  A spriggan air mage (WizLab)
  An ironbound convoker (Vaults:4)
  2 bloated husks
  3 hornets (Swamp:4)
  An air elemental (WizLab)
  A butterfly (Depths:1)
  5 foxfires (Swamp:2)
14 creatures vanquished.

Grand Total: 2554 creatures vanquished

Notes
Turn   | Place    | Note
-------+----------+-------------------------------------------
     0 | D:1      | TROGSCHOSEN the Demigod Hunter began the quest for the Orb.
     0 | D:1      | Reached XP level 1. HP: 17/17 MP: 3/3
   446 | D:1      | Reached XP level 2. HP: 24/24 MP: 4/4
   557 | D:1      | Reached skill level 4 in Ranged Weapons
   798 | D:1      | Reached XP level 3. HP: 29/29 MP: 5/5
  1335 | D:2      | Noticed Sigmund
  1343 | D:2      | Killed Sigmund
  1344 | D:2      | Reached skill level 5 in Ranged Weapons
  1344 | D:2      | Reached XP level 4. HP: 33/38 MP: 6/6
  1344 | D:2      | Reached XP level 5. HP: 39/45 MP: 7/7
  1388 | D:2      | Found Fijagiu's Weapon Shoppe.
  1629 | D:3      | Noticed Terence
  2198 | D:2      | Reached XP level 6. HP: 42/51 MP: 8/8
  2203 | D:2      | Killed Terence
  2806 | D:4      | Identified a scroll of acquirement
  2829 | D:5      | Entered Level 5 of the Dungeon
  2975 | D:5      | Reached skill level 6 in Ranged Weapons
  3165 | D:5      | Reached XP level 7. HP: 58/58 MP: 9/9
  3256 | D:5      | Found a staircase to the Ecumenical Temple.
  3784 | D:6      | Reached skill level 7 in Ranged Weapons
  3940 | D:6      | Reached XP level 8. HP: 56/67 MP: 10/10
  4206 | D:7      | Acquired a manual of Ranged Weapons
  4226 | D:7      | Reached skill level 5 in Fighting
  4226 | D:7      | Reached skill level 5 in Dodging
  4279 | D:7      | Reached skill level 8 in Ranged Weapons
  4327 | D:7      | Found a sand-covered staircase.
  4332 | Ossuary  | Entered an ossuary
  4504 | Ossuary  | Reached skill level 9 in Ranged Weapons
  5008 | D:7      | Reached XP level 9. HP: 75/75 MP: 11/11
  5032 | D:7      | Reached skill level 10 in Ranged Weapons
  5402 | D:7      | Noticed a two-headed ogre
  5413 | D:7      | Killed a two-headed ogre
  5414 | D:7      | Reached skill level 11 in Ranged Weapons
  5672 | D:8      | Noticed a white ugly thing
  5678 | D:8      | Noticed a deep elf pyromancer
  6030 | D:8      | Reached skill level 12 in Ranged Weapons
  6129 | D:8      | Noticed Maggie
  6157 | D:8      | Killed Maggie
  6457 | D:8      | Killed a deep elf pyromancer
  6550 | D:8      | Noticed a two-headed ogre
  6570 | D:8      | Killed a two-headed ogre
  6571 | D:8      | Reached XP level 10. HP: 40/86 MP: 13/13
  6753 | D:9      | Reached skill level 13 in Ranged Weapons
  7363 | D:9      | Noticed Joseph
  7371 | D:9      | Killed Joseph
  7582 | D:9      | Found a staircase to the Orcish Mines.
  7993 | D:10     | Entered Level 10 of the Dungeon
  7995 | D:10     | Noticed an oklob plant
  8005 | D:10     | Killed an oklob plant
  8046 | D:10     | Noticed an oklob plant
  8061 | D:10     | Killed an oklob plant
  8086 | D:10     | Found a staircase to the Lair.
  8117 | D:10     | Reached skill level 14 in Ranged Weapons
  8304 | D:10     | Reached XP level 11. HP: 94/94 MP: 14/14
  8982 | D:11     | Noticed Snorg
  8991 | D:11     | Killed Snorg
  9098 | D:11     | Noticed Harold
  9108 | D:11     | Killed Harold
  9419 | D:11     | Noticed Sonja
  9424 | D:11     | Killed Sonja
  9425 | D:11     | Reached skill level 15 in Ranged Weapons
 11172 | Lair:1   | Entered Level 1 of the Lair of Beasts
 11176 | Lair:1   | Reached XP level 12. HP: 105/105 MP: 15/15
 11352 | Lair:1   | Identified the +7 sling of Locus Delicti {freeze, Int+3
                  | Stlth+}
 11377 | Lair:1   | Got the Cyclopedia of Blasts
 11442 | Lair:1   | Found the +8 lance "Wyrmbane" {slay drac, rPois rF+ rC+
                  | AC+3}
 11956 | Lair:2   | Reached skill level 10 in Dodging
 12015 | Lair:2   | Found a staircase to the Snake Pit.
 12032 | Lair:2   | Reached skill level 10 in Fighting
 12032 | Lair:2   | Reached skill level 16 in Ranged Weapons
 12809 | Lair:3   | Found a staircase to the Swamp.
 13637 | Lair:3   | Reached XP level 13. HP: 86/115 MP: 16/16
 13684 | Lair:4   | Reached skill level 17 in Ranged Weapons
 14429 | Lair:5   | Entered Level 5 of the Lair of Beasts
 14998 | Lair:5   | Reached skill level 18 in Ranged Weapons
 15194 | Lair:5   | Identified the +0 robe "Bukleute" {MP-9 Int+5 Dex+4
                  | Archmagi}
 15293 | Lair:5   | Reached XP level 14. HP: 125/125 MP: 17/17
 15306 | Lair:5   | Found a staircase to the Slime Pits.
 15629 | Swamp:1  | Entered Level 1 of the Swamp
 16126 | Swamp:1  | Identified the +4 ring mail of Gallantry {Dex+2}
 16754 | Swamp:2  | Reached skill level 1 in Armour
 16990 | Swamp:2  | You fall into a shaft and drop 1 floor!
 17664 | Swamp:3  | Reached skill level 19 in Ranged Weapons
 18412 | Swamp:4  | Entered Level 4 of the Swamp
 18417 | Swamp:4  | Identified the +6 mace "Grim Tooth" {flame, Dex+4}
 19086 | Swamp:4  | Noticed Donald
 19445 | Swamp:4  | Killed Donald
 19543 | Swamp:4  | Noticed a fenstrider witch
 19544 | Swamp:4  | Paralysed by a fenstrider witch for 4 turns
 19553 | Swamp:4  | Killed a fenstrider witch
 19863 | Swamp:4  | Noticed Mara
 19890 | Swamp:4  | Killed Mara
 20133 | Swamp:4  | Reached XP level 15. HP: 88/134 MP: 18/18
 21005 | Swamp:4  | Noticed a thorn hunter
 21043 | Swamp:4  | Killed a thorn hunter
 21401 | Swamp:4  | Reached skill level 5 in Armour
 21586 | Swamp:4  | Got a decaying rune of Zot
 21823 | Orc:1    | Entered Level 1 of the Orcish Mines
 22304 | Orc:1    | Found a transporter.
 22306 | Orc:1    | Found a transporter.
 22306 | Orc:1    | Found a transporter.
 22306 | Orc:1    | Found a transporter.
 22307 | Orc:1    | Found a transporter.
 22307 | Orc:1    | Noticed a juggernaut
 22307 | Orc:1    | Found the +10 zealot's sword {holy, Zealotry, *Rage rN+
                  | EV+3}
 22314 | Orc:1    | Found a transporter.
 22343 | Orc:1    | Reached skill level 20 in Ranged Weapons
 22485 | Orc:1    | Found Ugigoar's Assorted Antiques.
 22493 | Orc:1    | Bought a scroll of identify for 58 gold pieces
 22493 | Orc:1    | Bought a scroll labelled KOUSSI ZIDOA for 29 gold pieces
 22719 | Orc:2    | Entered Level 2 of the Orcish Mines
 22941 | Orc:2    | Found Kyeggo's Distillery.
 22949 | Orc:2    | Bought a potion of haste for 140 gold pieces
 23074 | Orc:2    | Found Cidgh's Antique Weapon Shoppe.
 23074 | Orc:2    | Found Quaf's Magic Scroll Boutique.
 23076 | Orc:2    | Found Magirphu's Jewellery Shop.
 23078 | Orc:2    | Found Joarreb's Antique Weapon Emporium.
 23083 | Orc:2    | Bought a scroll of identify for 28 gold pieces
 23083 | Orc:2    | Bought a scroll of enchant armour for 105 gold pieces
 23083 | Orc:2    | Bought a scroll of identify for 28 gold pieces
 23083 | Orc:2    | Bought a scroll of teleportation for 42 gold pieces
 23083 | Orc:2    | Bought 2 scrolls of enchant weapon for 210 gold pieces
 23085 | Orc:2    | Bought an amulet of regeneration for 360 gold pieces
 23341 | Orc:2    | Found a staircase to the Elven Halls.
 23549 | Elf:1    | Entered Level 1 of the Elven Halls
 23725 | Elf:1    | Found Hypty's Armour Emporium.
 24699 | Snake:1  | Entered Level 1 of the Snake Pit
 24828 | Snake:1  | Reached XP level 16. HP: 114/145 MP: 19/19
 25037 | Snake:1  | Noticed Jorgrun
 25057 | Snake:1  | Killed Jorgrun
 25202 | Snake:1  | Identified the granite talisman of the Nexus {Str+3 Int+3
                  | Stlth+}
 25202 | Snake:1  | Noticed Roxanne
 25215 | Snake:1  | Killed Roxanne
 25331 | Snake:1  | Identified the +9 falchion "Ynke" {drain, rPois MP+9
                  | Stlth+}
 25677 | Snake:2  | Found Kanaber's Book Emporium.
 25677 | Snake:2  | Noticed a walking earthen tome
 25677 | Snake:2  | Noticed a walking earthen tome
 26069 | Snake:2  | Reached skill level 21 in Ranged Weapons
 26555 | Snake:3  | Found Zoczorgh's Antique Armour Shoppe.
 26794 | Snake:3  | Found Zicrat's Jewellery Shoppe.
 26794 | Snake:3  | Found Yclil's Antique Armour Emporium.
 26825 | Snake:3  | Found Bobu's Jewellery Emporium.
 26829 | Snake:3  | Bought a warped helmet for 389 gold pieces
 26829 | Snake:3  | Identified the +0 helmet of Qazlal's Esteem {Rampage rN+
                  | Int+2} (You bought it in a shop on level 3 of the Snake
                  | Pit)
 26837 | Snake:3  | Bought a pair of embroidered gloves for 292 gold pieces
 26844 | Snake:3  | Bought the ring of Enu Neck {Will+ Dex+6} for 680 gold
                  | pieces
 27530 | Snake:4  | Entered Level 4 of the Snake Pit
 27787 | Snake:4  | Reached XP level 17. HP: 154/154 MP: 20/20
 28142 | Snake:4  | Got a serpentine rune of Zot
 28273 | Snake:4  | Reached skill level 15 in Dodging
 28403 | Snake:4  | Found a large runed translucent door.
 28404 | Snake:4  | Found a large runed translucent door.
 28409 | Snake:4  | Noticed AutarchDCSS's ghost (adept DrHW)
 28444 | Snake:4  | Found Sacul's Book Boutique.
 28445 | Snake:4  | Found Yzipn's Jewellery Emporium.
 28445 | Snake:4  | Found Wayst's Jewellery Emporium.
 28585 | Snake:4  | Killed AutarchDCSS's ghost
 28615 | Snake:4  | Identified the +8 chain mail "Vylakk" {+Inv Dex+3}
 29018 | D:13     | Reached skill level 15 in Fighting
 29277 | D:13     | Noticed Josephine
 29281 | D:13     | Reached skill level 22 in Ranged Weapons
 29283 | D:13     | Killed Josephine
 29790 | D:14     | Found a gate to the Vaults.
 29917 | D:14     | Noticed Kirke
 29924 | D:14     | Killed Kirke
 30292 | D:15     | Entered Level 15 of the Dungeon
 30425 | D:15     | Found a staircase to the Depths.
 31267 | Vaults:1 | Entered Level 1 of the Vaults
 31600 | Vaults:1 | Noticed Asterion
 31617 | Vaults:1 | Killed Asterion
 31866 | Vaults:1 | Found the +3 pair of gauntlets of War {Slay+5}
 31872 | Vaults:1 | Reached XP level 18. HP: 163/163 MP: 21/21
 31899 | Vaults:1 | Reached skill level 10 in Armour
 32265 | Vaults:1 | Got Raom's Secrets of Lucent Causimancy
 32451 | Vaults:1 | Identified the ring of Foanuabbe {rC+ Int+3}
 32843 | Vaults:2 | Noticed Jory
 32864 | Vaults:2 | Killed Jory
 33067 | Vaults:2 | Reached skill level 23 in Ranged Weapons
 33321 | Vaults:2 | Reached skill level 1 in Evocations
 33669 | Vaults:2 | Identified the +4 orcbow "Fadadah" {drain, rF+ rCorr Str+3
                  | Int+3}
 33914 | Vaults:2 | Acquired 1056 gold pieces
 33955 | Vaults:2 | Noticed Kevimi's ghost (adept FeNe)
 33955 | Vaults:2 | Identified the +3 great mace of Discretion {freeze, rPois
                  | Str-2 Dex+3}
 33956 | Vaults:2 | Found a transporter.
 34106 | Vaults:2 | Found Four's Magic Scroll Shoppe.
 34114 | Vaults:2 | Bought a scroll of vulnerability for 76 gold pieces
 34114 | Vaults:2 | Bought a scroll of teleportation for 57 gold pieces
 34114 | Vaults:2 | Bought 3 scrolls of identify for 114 gold pieces
 34114 | Vaults:2 | Bought 3 scrolls of fear for 228 gold pieces
 34114 | Vaults:2 | Bought a scroll of revelation for 142 gold pieces
 34114 | Vaults:2 | Bought a scroll of teleportation for 57 gold pieces
 34114 | Vaults:2 | Bought a scroll of teleportation for 57 gold pieces
 34114 | Vaults:2 | Bought a scroll of vulnerability for 76 gold pieces
 34114 | Vaults:2 | Bought a scroll of fear for 76 gold pieces
 34117 | Vaults:2 | Bought a scroll of identify for 38 gold pieces
 34117 | Vaults:2 | Bought a scroll of identify for 38 gold pieces
 34117 | Vaults:2 | Bought a scroll of identify for 38 gold pieces
 34444 | Vaults:3 | Found a magical portal.
 34453 | WizLab   | Entered The Chambers of the Cloud Mage
 34462 | WizLab   | Paralysed by an air elemental for 1 turns
 34668 | WizLab   | Paralysed by an air elemental for 1 turns
 34730 | WizLab   | Reached XP level 19. HP: 160/172 MP: 22/22
 34738 | WizLab   | Paralysed by an air elemental for 1 turns
 34744 | WizLab   | Reached skill level 5 in Evocations
 34807 | WizLab   | Got the Quarto of Electrocution
 34813 | WizLab   | Got the Cyclopedia of Translocated Anathema
 35376 | Vaults:3 | Identified the +7 glaive of Dyryz {protect, rF+ rCorr MP-9
                  | Int+7}
 35853 | Vaults:3 | Found a staircase to the Crypt.
 36558 | Vaults:4 | Paralysed by a sphinx for 5 turns
 37383 | Vaults:4 | Acquired the +7 longbow of the Holding Big Fish {heavy,
                  | rElec rF- Int-3 Stlth+}
 37437 | Vaults:5 | Entered Level 5 of the Vaults
 37458 | Vaults:5 | Noticed an ancient lich
 37564 | Vaults:4 | Reached XP level 20. HP: 161/184 MP: 24/24
 38232 | Vaults:5 | Killed an ancient lich
 38233 | Vaults:5 | Reached skill level 10 in Evocations
 38258 | Vaults:5 | Identified the amulet of Eternal Night {Spirit rPois Will-
                  | Int+3 SInv}
 38371 | Vaults:5 | Noticed a dread lich
 38380 | Vaults:5 | Killed a dread lich
 38386 | Vaults:5 | Identified the +3 robe of the Poles {Harm rElec rF- Dex-5}
 38386 | Vaults:5 | Noticed Boris
 38501 | Vaults:5 | Identified the staff "Vusinyk" {^Fragile rElec SInv Summ
                  | Ice Air}
 38834 | Vaults:5 | Identified the +6 ring mail of the Solstice {rF+ rC+ Int+3
                  | Dex+2}
 38838 | Vaults:5 | Identified the +7 arbalest "Soqipausch" {penet, rC+}
 38875 | Vaults:5 | Identified the +0 short sword "Gafoifu" {spect, rF+ Int+2
                  | SInv Stlth+}
 38911 | Vaults:5 | Identified the +3 chain mail of the Ninety-Nine Places
                  | {Rampage}
 38927 | Vaults:5 | Got the Handbook of Glaciation and Bombardment
 38930 | Vaults:5 | Got the Cyclopedia of Tenebrous Projection
 39041 | Vaults:5 | Identified the +7 quarterstaff of Blood {venom, rPois Int+4
                  | Dex+3}
 39343 | Vaults:5 | Killed Boris
 39464 | Vaults:5 | Noticed a dread lich
 39466 | Vaults:5 | Killed a dread lich
 39477 | Vaults:5 | Identified the +6 scale mail of the Baku {Stlth+}
 39487 | Vaults:5 | Got a silver rune of Zot
 39489 | Vaults:5 | Got Imoluked's Parchment of Dusty Bad Luck
 39823 | Crypt:1  | Entered Level 1 of the Crypt
 39936 | Crypt:1  | Reached XP level 21. HP: 175/193 MP: 25/25
 40180 | Crypt:1  | Reached skill level 24 in Ranged Weapons
 41187 | Crypt:3  | Entered Level 3 of the Crypt
 41592 | Crypt:3  | Got Pelejada's Disquisition on Shades
 41824 | Crypt:3  | Noticed Bai Suzhen
 41834 | Crypt:3  | Killed Bai Suzhen
 41846 | Crypt:3  | Killed the ghostly Bai Suzhen
 42032 | Crypt:3  | Found a staircase to the Tomb.
 42376 | Crypt:3  | Got the Grimoire of Ironbound Cinders
 42757 | Crypt:3  | Identified the +1 spear "Jellybane" {drain, MP+9 Dex+3}
 42759 | Crypt:3  | Identified the ring "Poledwis" {Ice Dex+4 SInv}
 42787 | Crypt:3  | Identified the ring of the Griffon {rElec rC+ Slay+3}
 43078 | Depths:1 | Entered Level 1 of the Depths
 43138 | D:15     | Upgraded the game from 0.32-a0-909-gc671339a80 to
                  | 0.32-a0-918-g0f22ef8d61
 43364 | D:15     | Reached XP level 22. HP: 180/200 MP: 24/26
 43394 | D:15     | Reached skill level 25 in Ranged Weapons
 43573 | Depths:1 | Found a gateway to Hell.
 44090 | Depths:2 | Identified the +4 robe of Doomed Awe {rN+}
 44090 | Depths:2 | Noticed Boris
 44096 | Depths:2 | Killed Boris
 44097 | Depths:2 | Reached skill level 15 in Armour
 44272 | Depths:2 | Found the +9 scales of the Dragon King {rPois rF+ rC+
                  | Will+}
 44272 | Depths:2 | Found the +11 Singing Sword {sonic wave}
 44277 | Depths:2 | Noticed a juggernaut
 44292 | Depths:2 | Killed a juggernaut
 44463 | Depths:2 | Got Sif Muna's Secrets of Corresponding Gases
 44606 | Depths:2 | Found the +8 whip "Snakebite" {venom, curare, rPois}
 44765 | Depths:2 | Found a one-way gate leading to the halls of Pandemonium.
 45069 | Depths:3 | Found a one-way gate to the infinite horrors of the Abyss.
 45201 | Depths:3 | Acquired the +27 heavy crossbow "Sniper" {heavy, Acc+∞
                  | SInv}
 45201 | Depths:3 | Found the +27 heavy crossbow "Sniper" {heavy, Acc+∞ SInv}
 45228 | Depths:3 | Identified the staff of Dismemberment {rElec rPois Str-4
                  | Int+6 Air}
 45229 | Depths:3 | Identified the staff of Dullness {rF+ rCorr Fire}
 45230 | Depths:3 | Identified the staff of the Tent {rF+ rN+ Fire}
 45231 | Depths:3 | Identified the staff "Zemmiass" {Fly rPois rC- Stlth+
                  | Earth}
 45237 | Depths:3 | Identified the orb of Activism {*channel, *Corrode rElec
                  | Int+5}
 45237 | Depths:3 | Noticed Frederick
 45242 | Depths:3 | Killed Frederick
 45539 | Depths:3 | Identified the +2 robe of Unill {rN++ Dex+3}
 45617 | Depths:3 | Found a one-way gateway to a ziggurat.
 45628 | Depths:3 | Got the Compilation of the Frigid Inferno
 45799 | Depths:3 | Reached skill level 26 in Ranged Weapons
 46038 | Depths:3 | Reached XP level 23. HP: 213/213 MP: 27/27
 46183 | Depths:4 | Entered Level 4 of the Depths
 46235 | Depths:4 | Found a transporter.
 46480 | Depths:4 | Found a transporter.
 46492 | Depths:4 | Noticed Cein's ghost (veteran DgCj)
 46748 | Depths:4 | Found a gate to the Realm of Zot.
 46964 | Depths:4 | Noticed a juggernaut
 46975 | Depths:4 | Killed a juggernaut
 47207 | Depths:4 | Identified the +7 plate armour "Basegojo" {rF+ MP+9}
 47219 | Depths:4 | Identified the staff of Trial by Ordeal {rF+ Dex+2 Fire}
 47890 | Slime:1  | Entered Level 1 of the Pits of Slime
 47913 | Slime:1  | Paralysed by a formless jellyfish for 1 turns
 48917 | Slime:2  | Gained mutation: You have large cloven feet. [a shining
                  | eye]
 49267 | Slime:3  | Gained mutation: You are clumsy. (Dex -2) [a shining eye]
 49269 | Slime:3  | Gained mutation: You are vulnerable to heat. (rF-) [a
                  | shining eye]
 49273 | Slime:3  | Lost mutation: You are clumsy. (Dex -2) [potion of
                  | mutation]
 49273 | Slime:3  | Lost mutation: You have large cloven feet. [potion of
                  | mutation]
 49273 | Slime:3  | Lost mutation: You are vulnerable to heat. (rF-) [potion of
                  | mutation]
 49273 | Slime:3  | Gained mutation: A frigid envelope surrounds you and
                  | freezes all who hurt you. [potion of mutation]
 49273 | Slime:3  | Gained mutation: You have sharp toenails. [potion of
                  | mutation]
 49846 | Slime:5  | Entered Level 5 of the Pits of Slime
 49868 | Slime:5  | Noticed the Royal Jelly
 50171 | Slime:5  | Reached skill level 27 in Ranged Weapons
 50181 | Slime:5  | Gained mutation: You are robust. (+10% HP) [a shining eye]
 50245 | Slime:5  | Killed the Royal Jelly
 50330 | Slime:5  | Identified the +8 halberd "Mis Joinyr" {spect, Int+6}
 50331 | Slime:5  | Identified the amulet "Zacoerho" {Acrobat Dex+2}
 50342 | Slime:5  | Found the necklace of Bloodlust {Fury *Rage Will++ Int-3
                  | Slay+6}
 50353 | Slime:5  | Got Sif Muna's Compendium of Discontinuous Venin
 50362 | Slime:5  | Identified the amulet of Haseu {Faith *Corrode Str+5 Int+7}
 50388 | Slime:5  | Identified the +1 great sword "Dieler" {freeze, ^Drain
                  | rPois MP+9 SInv}
 50414 | Slime:5  | Got a slimy rune of Zot
 51501 | Zot:1    | Entered Level 1 of the Realm of Zot
 51605 | Zot:1    | Reached XP level 24. HP: 246/246 MP: 27/27
 51629 | Zot:1    | Noticed an ancient lich
 51708 | Zot:1    | Killed an ancient lich
 51859 | Zot:1    | Identified the staff of Uhum {rElec Dex+4 Stlth-- Air
                  | Earth}
 51860 | Zot:1    | Identified the staff of Ocaifum {rF+ rC+ Str+5 Stlth-- Fire
                  | Ice}
 51862 | Zot:1    | Identified the +6 storm dragon scales "Duucsoth" {rElec rF+
                  | rC+ Will++ rCorr Str-5 Stlth--}
 51863 | Zot:1    | Identified the +6 storm dragon scales "Efelam" {^Drain
                  | rElec rPois rF+ rC+ Str+3 Stlth--}
 52824 | Zot:2    | Identified the +5 halberd "Putofridaf" {freeze, +Blink rC+
                  | rN+ rCorr}
 52988 | Zot:2    | Noticed Vv
 52991 | Zot:2    | Killed Vv
 53460 | Zot:3    | Found the +4 dragonskin cloak {Aegis}
 53460 | Zot:3    | Noticed Tiamat
 53782 | Zot:3    | Killed Tiamat
 54626 | Zot:4    | Gained mutation: You occasionally shout uncontrollably at
                  | your foes. [a shining eye]
 54626 | Zot:4    | Gained mutation: Potions are less effective at restoring
                  | your health. [a shining eye]
 54626 | Zot:4    | Gained mutation: You occasionally lose the ability to drink
                  | potions when taking damage. [a shining eye]
 54629 | Zot:4    | Gained mutation: Your movements are slightly less
                  | encumbered by armour. (ER -2) [a shining eye]
 54630 | Zot:4    | Gained mutation: Your spells are a little easier to cast,
                  | but a little less powerful. [a shining eye]
 54631 | Zot:4    | Lost mutation: You are robust. (+10% HP) [a shining eye]
 54631 | Zot:4    | Gained mutation: You are weak. (Str -2) [a shining eye]
 54634 | Zot:4    | Lost mutation: A frigid envelope surrounds you and freezes
                  | all who hurt you. [potion of mutation]
 54634 | Zot:4    | Lost mutation: You occasionally lose the ability to drink
                  | potions when taking damage. [potion of mutation]
 54634 | Zot:4    | Lost mutation: You are weak. (Str -2) [potion of mutation]
 54634 | Zot:4    | Lost mutation: Potions are less effective at restoring your
                  | health. [potion of mutation]
 54649 | Zot:4    | Noticed an orb of fire
 54960 | Zot:4    | Reached XP level 25. HP: 230/231 MP: 27/27
 55515 | Zot:5    | Entered Level 5 of the Realm of Zot
 56327 | Tomb:1   | Entered Level 1 of the Tomb of the Ancients
 56428 | Tomb:1   | Noticed a royal mummy
 56432 | Tomb:1   | Killed a royal mummy
 56567 | Tomb:1   | Identified the +2 robe "Judd" {-Tele Will+++ Slay+5
                  | Archmagi}
 56567 | Tomb:1   | Noticed Boris
 56569 | Tomb:1   | Killed Boris
 56601 | Tomb:1   | Noticed a royal mummy
 56607 | Tomb:1   | Killed a royal mummy
 56764 | Tomb:1   | Noticed a royal mummy
 56769 | Tomb:1   | Killed a royal mummy
 57639 | Hell     | Entered the Vestibule of Hell
 57640 | Hell     | Noticed Geryon
 58315 | Hell     | Killed Geryon
 58410 | Hell     | Found a gateway to the freezing wastes of Cocytus.
 58489 | Hell     | Found a gateway to the Iron City of Dis.
 58696 | Hell     | Found a gateway to the ashen valley of Gehenna.
 58793 | Hell     | Found a gateway to the decaying netherworld of Tartarus.
 58818 | Tar:1    | Entered Level 1 of Tartarus
 58868 | Dis:1    | Entered Level 1 of the Iron City of Dis
 59180 | Dis:2    | Mangled by a war gargoyle

Illustrated notes

Levels and vault maps discovered:
D:1:      dpeg_arrival_rhombi, layout_basic,
          dreamdust_ecumenical_altar_hidden_monk_grotto, nicolae_hexahallways,
          minmay_pentomino_u4
D:2:      cheibrodos_helix_gallery, layout_loops_cross, serial_shops,
          nicolae_shop_tiny_statue_garden, uniq_sigmund
D:3:      layout_rooms, mainiacjoe_overflow_cross_hatched, uniq_terence
D:4:      layout_cave_pools, kennysheep_little_box, fountainhead,
          item_on_display_a
D:5:      layout_cave_pools, minmay_temple_entry_hall
D:6:      layout_cave_pools, nemelex_dance_club_becter, corner_web_ring
D:7:      layout_loops_ring, nicolae_qazlal_general_emergency,
          overflow_temple_1_default, nicolae_ossuary_entry_false_entrances,
          hellmonk_no_cap
D:8:      minmay_bloctagon_deflated, layout_loops_cross,
          mainiacjoe_overflow_tiny_flanked, general_overflow_altar, uniq_maggie
D:9:      layout_basic, mainiacjoe_overflow_boulevard,
          mainiacjoe_overflow_alcove_1, erik_orc_2, uniq_joseph
D:10:     layout_roguey, fiery_altar_vehumet, trog_butcher_becter,
          grunt_dithmenos_smoke, dpeg_oklobed_lair
D:11:     layout_long_grid, nicolae_wu_jian_glorious_leap, uniq_harold,
          uniq_sonja, uniq_snorg
D:12:     layout_rooms
D:13:     layout_stronghold, uniq_josephine
D:14:     layout_roguey, erik_vaults_2, chequers_serial_rivers_marsh, uniq_kirke
D:15:     gammafunk_depths_entry_grave, layout_basic
Lair:1:   layout_regular_city, beast_lair_carwin_4
Lair:2:   layout_cave_pods, minmay_snake_entry_six_corridors
Lair:3:   layout_cave_pods, swamp_mist
Lair:4:   layout_loops_ring, grunt_megastairs_4, infiniplex_staircase_pool_2
Lair:5:   minmay_lair_end_frog_pond, layout_big_grid, slime_entry_1,
          nicolae_lair_lil_pond, minivault_27
Swamp:1:  layout_basic_swamp, serial_swamp_ruin, evilmike_swamp_ruin_rubble_1,
          evilmike_swamp_ruin_rubble_2, swamp_pool_4
Swamp:2:  layout_basic_swamp, hangedman_swamp_blocks
Swamp:3:  layout_falls_marsh, nicolae_swamp_tree_isthmus
Swamp:4:  byrel_swamp_growth_death_and_undeath, layout_basic_swamp, uniq_mara,
          uniq_donald
Snake:1:  layout_misc_corridors, drop_trap, nrook_guardian_serpent_ordinary,
          uniq_jorgrun, uniq_roxanne
Snake:2:  layout_chambers, serial_shops, nicolae_shop_mannequins,
          serial_library_hellmonk_semicircle
Snake:3:  cheibrodos_snake_lava_hold, layout_misc_corridors, minmay_shoptagon,
          serial_bayou_shore_a
Snake:4:  minmay_snake_end_coiled, layout_misc_corridors,
          ebering_ghost_disaster_area, minmay_shop_grove
Slime:1:  cheibrodos_slime_lost_civilization_1, layout_caves,
          cheibrodos_slime_lost_civilization_7
Slime:2:  layout_caves
Slime:3:  layout_caves
Slime:4:  layout_caves, nicolae_slime_crime_time
Slime:5:  slime_pit_nicolae_amoeboid
Orc:1:    cheibrodos_orc_arena, layout_diamond_mine, serial_shops,
          shop_fountains, nicolae_orc_beogh_chapel, hellmonk_jugg_or_not
Orc:2:    st_orc_rangers, layout_caves, basic_altar, serial_shops,
          nicolae_shop_industrial_runoff
Elf:1:    eino_elf_arrival_shootout, layout_geoelf_diagonals, serial_shops,
          shop_statue, minmay_elf_demonology
Vaults:1: v_misc_18, st_octagons_1, ontoclasm_vaults_ring_small,
          v_alt_pattern_2, nicolae_vaults_network_s,
          nicolae_vaults_closet_pinwheel_5, ontoclasm_vaults_eye,
          grunt_vaults_funnel, ontoclasm_vaults_fault,
          nicolae_vaults_tetromino_Z_2, grunt_vaults_hallway_short,
          layout_vaults_ring, uniq_asterion
Vaults:2: gammafunk_ghost_smash, hangedman_vaults_variations, v_alt_pattern_5,
          ontoclasm_vaults_ring_small, nicolae_vaults_little_guard_posts,
          v_misc_24, nicolae_vaults_tangram_1, v_misc_22,
          nicolae_vaults_door_testing_chamber, nicolae_vaults_apartment_1,
          vaults_standard_mumra_lines, layout_vaults_omnigrid, serial_shops,
          shop, uniq_jory
Vaults:3: mu_enter_wizlab_5, v_misc_31, vaults_mumra_hex, serial_ice_m,
          v_misc_4, v_misc_3, nicolae_vaults_trapezoid_2,
          minmay_crypt_entry_vampire_xt,
          vaults_standard_mumra_enter_the_diamond, vaults_mumra_chevron_long,
          nicolae_vaults_windows_and_doors_thing, nicolae_vaults_diamond_2,
          ontoclasm_vaults_ligature, v_misc_15, nicolae_vaults_shelves_hall,
          hangedman_vaults_stretched_pinwheel, layout_vaults_omnibox
Vaults:4: nicolae_vaults_shipping_containers_5,
          nicolae_vaults_variable_pillar_hall, v_misc_28, v_misc_18,
          hangedman_vaults_unwind, nicolae_vaults_tetromino_T_2,
          nicolae_vaults_more_shelving_1, v_misc_12, hangedman_vaults_slice,
          nicolae_vaults_trapezoid_lopsided_3, layout_vaults_chaotic_city
Vaults:5: uniq_boris
Crypt:1:  layout_regular_city, grunt_ministairs_7,
          amcnicky_mini_rare_corridor_liquid, roderic_lattice_octagonal_star
Crypt:2:  layout_chaotic_city
Crypt:3:  due_elkab, layout_chaotic_city, tomb_entry_forgotten_bobbens,
          uniq_bai_suzhen
Tomb:1
Depths:1: layout_cave_pools, hellmouth_1, drop_trap,
          nicolae_elyvilon_peaceful_grove, firewood_loft
Depths:2: grunt_arcs, layout_cave_shapes, grunt_pan_entry_zigzag, hell_entry,
          hex_large, laboratory
Depths:3: hangedman_crystal_crosses_colossus [crystal_crosses_arms_two,
          crystal_crosses_arms_one, crystal_crosses_arms_one], abyss_entry,
          hell_entry
Depths:4: evilmike_zot_entry_basic, layout_cave_shapes, hell_entry,
          hangedman_abyss_entry_splay, nzn_hepliaklqana_mist_gate,
          gammafunk_ghost_berserking_beasts, minmay_swirly_circle
Hell
Dis:1:    layout_jigsaw
Dis:2:    layout_regular_city
Tar:1:    layout_grid_maze
Zot:1:    regret_index_qazlal_generations, layout_basic, basic_altar,
          regret_index_zotdec_glowing_original
Zot:2:    layout_misc_corridors, grunt_megastairs_2, uniq_vv
Zot:3:    layout_basic, bh_zot_levy_curve, uniq_tiamat
Zot:4:    lemuel_halls_of_wrath, layout_gridlike, lemuel_elevator
Zot:5:    layout_misc_corridors, st_stairs_14

Skill      XL: |  1  2  3  4  5  6  7  8  9 10 11 12 13 14 15 16 17 18 19 20 21 22 23 24 25 |
---------------+----------------------------------------------------------------------------+-----
Fighting       | 2 3 4 5 7 8 9 10 11 12 13 14 15 16 17 18 19 20 | 20.0
Dodging        | 2 3 4 5 7 8 9 10 12 13 14 15 16 17 18 19 20 | 20.0
Ranged Weapons | 4 5 6 7 9 12 14 15 16 18 19 20 21 22 23 24 26 27 | 27.0
Armour         | 4 6 8 9 11 12 13 14 15 17 22 25 | 25.6
Evocations     | 4 9 10 | 10.2
Stealth        | |  0.8

Action                     |  1- 3 |  4- 6 |  7- 9 | 10-12 | 13-15 | 16-18 | 19-21 | 22-24 | 25-27 || total
---------------------------+-------+-------+-------+-------+-------+-------+-------+-------+-------++-------
  Melee: Longbow           |       |       |       |       |       |       |       |     1 |       ||     1
   Fire: Shortbow          |   113 |   138 |   577 |   197 |       |       |       |       |       ||  1025
         Orcbow            |       |       |       |   491 |       |       |       |       |       ||   491
         Sling             |       |       |       |   301 |   539 |       |       |       |       ||   840
         Longbow           |       |       |       |       |  1027 |  1653 |  1448 |   947 |       ||  5075
         Arbalest          |       |       |       |       |       |       |     8 |       |       ||     8
         Heavy crossbow    |       |       |       |       |       |       |       |   323 |   462 ||   785
  Throw: Dart              |       |       |       |       |     4 |       |       |       |       ||     4
         Throwing net      |       |       |       |       |     2 |       |       |       |       ||     2
  Evoke: Wand              |       |       |       |       |     7 |       |       |       |     1 ||     8
         Sack of spiders   |       |       |       |       |     1 |       |       |       |       ||     1
    Use: Potion            |       |     2 |     4 |       |     4 |       |     6 |     5 |     2 ||    23
         Scroll            |       |     6 |     7 |     2 |    24 |    15 |     5 |     6 |     4 ||    69
 Armour: Leather armour    |    40 |       |       |       |       |       |       |       |       ||    40
         Robe              |       |    32 |   196 |    33 |       |       |       |       |       ||   261
         Troll leather arm |       |       |       |   145 |    99 |       |       |       |       ||   244
         Ring mail         |       |       |       |       |   133 |       |       |       |       ||   133
         Swamp dragon scal |       |       |       |       |   139 |   239 |   493 |   295 |       ||  1166
         Storm dragon scal |       |       |       |       |       |       |       |    68 |   481 ||   549
         Skin              |       |       |       |       |       |       |       |       |    19 ||    19
  Dodge: Dodged            |    35 |    41 |   247 |   310 |   648 |   534 |  1399 |  1384 |  2292 ||  6890
  Block: Other             |       |       |    23 |    77 |   120 |       |       |       |       ||   220
         Reflection        |       |       |     1 |     5 |    14 |       |       |       |       ||    20

Table legend: (Time is in decaauts)
 A = Elapsed time spent in this place.
 B = Non-inter-level travel time spent in this place.
 C = Inter-level travel time spent in this place.
 D = Time resting spent in this place.
 E = Time spent auto-exploring this place.
 F = Levels seen in this place.
 G = Mean time per level.
                   A        B        C        D        E       F      G
               +--------+--------+--------+--------+--------+-----+--------+
         Total |  59473 |  54562 |   4911 |   4001 |  36687 |  60 |  991.2 |
       Dungeon |  13806 |  12664 |   1142 |    733 |   9244 |  15 |  920.4 |
          Lair |   4688 |   4004 |    684 |     72 |   2979 |   5 |  937.6 |
         Swamp |   6262 |   6050 |    212 |   1536 |   3185 |   4 | 1565.5 |
     Snake Pit |   3940 |   3680 |    260 |     79 |   2658 |   4 |  985.0 |
    Slime Pits |   3348 |   3073 |    275 |     36 |   2280 |   5 |  669.6 |
  Orcish Mines |   1807 |   1619 |    188 |      0 |   1268 |   2 |  903.5 |
   Elven Halls |    878 |    842 |     36 |      0 |    717 |   1 |  878.0 |
        Vaults |   8334 |   7561 |    773 |    668 |   4874 |   5 | 1666.8 |
         Crypt |   3243 |   2879 |    364 |     46 |   2001 |   3 | 1081.0 |
          Tomb |   1097 |   1031 |     66 |      8 |    644 |   1 | 1097.0 |
        Depths |   5060 |   4776 |    284 |    646 |   2761 |   4 | 1265.0 |
          Hell |   1008 |    968 |     40 |    176 |    322 |   1 | 1008.0 |
           Dis |    204 |    184 |     20 |      0 |    128 |   2 |  102.0 |
      Tartarus |     12 |     12 |      0 |      0 |      0 |   1 |   12.0 |
           Zot |   4846 |   4284 |    562 |      0 |   3104 |   5 |  969.2 |
       Ossuary |    534 |    534 |      0 |      0 |    319 |   1 |  534.0 |
        Wizlab |    401 |    401 |      0 |      0 |    200 |   1 |  401.0 |
               +--------+--------+--------+--------+--------+-----+--------+

Top non-repeatable levels by time:
 Swamp:4: 2552 daAuts
Vaults:4: 2236 daAuts
 Swamp:3: 1979 daAuts
 Crypt:3: 1802 daAuts
Vaults:5: 1586 daAuts
Vaults:2: 1581 daAuts
Vaults:1: 1491 daAuts
   Zot:1: 1451 daAuts
Vaults:3: 1438 daAuts
Depths:3: 1415 daAuts
     D:8: 1394 daAuts
    D:15: 1383 daAuts
Depths:4: 1274 daAuts
     D:9: 1273 daAuts
Depths:2: 1199 daAuts
